 Dungeon Crawl Stone Soup version 0.25-a0-829-g4e6a552 (webtiles) character file.

Game seed: 15815710853571315532, levelgen mode: deterministic

3850 BlueFish the Thaumaturge (level 9, 0/68 HPs)
             Began as a Mummy Wizard on Apr 21, 2020.
             Was a Believer of Kikubaaqudgha.
             Slain by a two-headed ogre
             ... wielding a +0 giant club
              (18 damage)
             ... on level 9 of the Dungeon.
             The game lasted 00:37:56 (11103 turns).

BlueFish the Thaumaturge (Mummy Wizard)            Turns: 11103, Time: 00:37:56

Health: 0/68       AC:  7    Str: 12    XL:     9   Next: 98%
Magic:  10/22      EV: 15    Int: 21    God:    Kikubaaqudgha [**....]
Gold:   692        SH:  0    Dex: 11    Spells: 11/27 levels left

rFire    x . .     SeeInvis .   k - +1 whip (vamp)
rCold    + + .     Gourm    .   (no shield)
rNeg     + + +     Faith    .   a - +0 robe
rPois    ∞         Spirit   .   b - +0 hat
rElec    .         Reflect  .   p - +0 cloak
rCorr    .         Harm     .   (no gloves)
MR       +....                  (no boots)
Stlth    +++.......             g - amulet of regeneration
HPRegen  0.61/turn              i - +3 ring of protection
MPRegen  0.18/turn              o - ring of the Octopus King {rC+ AC+1 EV+1 Str+1 Int+1 Dex+1}

@: no status effects
A: no food or potions, fire vulnerability, cold resistance 1, negative energy
resistance 3, torment resistance, unbreathing
a: Receive Corpses, Renounce Religion


You were on level 9 of the Dungeon.
You worshipped Kikubaaqudgha.
Kikubaaqudgha was pleased with you.
You were not hungry.

You visited 2 branches of the dungeon, and saw 10 of its levels.
You also visited: Ossuary.

You collected 692 gold pieces.

Inventory:

Hand Weapons
 k - a +1 vampiric whip (weapon)
Armour
 a - a +0 robe (worn)
 b - a +0 hat (worn)
 p - a +0 cloak (worn)
Jewellery
 d - an uncursed amulet of faith
 g - an amulet of regeneration (around neck)
 i - a +3 ring of protection (left hand)
 o - a ring of the Octopus King (right hand) {rC+ AC+1 EV+1 Str+1 Int+1 Dex+1}
   (You found it on level 7 of the Dungeon)

   [ring of protection from cold]

   It affects your AC (+1).
   It affects your evasion (+1).
   It affects your strength (+1).
   It affects your intelligence (+1).
   It affects your dexterity (+1).
   It protects you from cold.
Wands
 n - a wand of disintegration (8)
 r - a wand of random effects (2)
Scrolls
 c - 2 scrolls of identify
 e - 2 scrolls of enchant armour
 f - a scroll of blinking
 h - 7 scrolls of teleportation
 j - 6 scrolls of amnesia
 l - 3 scrolls of remove curse
 m - a scroll of holy word
 q - a scroll of summoning
 s - a scroll of fear


   Skills:
 * Level 5.1 Fighting
 + Level 3.3 Maces & Flails
 * Level 4.8 Dodging
 * Level 5.0 Stealth
 + Level 0.1 Unarmed Combat
 * Level 9.6 Spellcasting
 + Level 2.6 Conjurations
 + Level 2.0 Summonings
 * Level 2.6 Necromancy
 + Level 0.7 Translocations
 + Level 1.3 Air Magic
 + Level 1.2 Poison Magic
 * Level 2.6 Evocations


You had 11 spell levels left.
You knew the following spells:

 Your Spells              Type           Power        Failure   Level  Hunger
a - Pain                  Necr           ###.         2%          1    N/A
b - Blink                 Tloc           N/A          8%          2    N/A
c - Call Imp              Summ           ###.....     4%          2    N/A
d - Slow                  Hex            ##......     10%         2    N/A
e - Mephitic Cloud        Conj/Pois/Air  ###.....     10%         3    N/A
f - Magic Dart            Conj           ###.         2%          1    N/A
g - Vampiric Draining     Necr           ###.......   7%          3    N/A
h - Corpse Rot            Necr/Air       N/A          4%          2    N/A

Your spell library contained the following spells:

 Spells                   Type           Power        Failure   Level  Hunger
 Animate Skeleton         Necr           N/A          2%          1    N/A
 Corona                   Hex            ##.....      7%          1    N/A
 Ensorcelled Hibernation  Hex/Ice        ##....       10%         2    N/A
 Conjure Flame            Conj/Fire      ###.....     12%         3    N/A
 Dazzling Flash           Conj/Hex       ###...       12%         3    N/A
 Confusing Touch          Hex            ##......     21%         3    N/A
 Tukima's Dance           Hex            ##......     21%         3    N/A

Dungeon Overview and Level Annotations

Branches:
Dungeon (9/15)             Temple (1/1) D:7            Lair (0/6) D:8
Ossuary (visited)
    Orc: D:9-12

Altars:
Ashenzari
Cheibriados
Dithmenos
Elyvilon
Fedhas
Gozag
Hepliaklqana
Kikubaaqudgha
Makhleb
Nemelex Xobeh
Okawaru
Qazlal
Ru
Sif Muna
Trog
Uskayaw
Vehumet
Wu Jian
Xom
Yredelemnul
Zin
The Shining One

Shops:
D:8 (


Innate Abilities, Weirdness & Mutations

You do not eat or drink.
Your flesh is vulnerable to fire.
You are immune to poison.
Your flesh is cold resistant. (rC+)
You are immune to negative energy. (rN+++)
You are immune to unholy pain and torment.
You can survive without breathing.


Message History

The two-headed ogre is lightly wounded.
The two-headed ogre is engulfed in noxious fumes.
The two-headed ogre closely misses you.
The two-headed ogre hits you with a +0 giant club!
You hit the two-headed ogre but do no damage.
The two-headed ogre is lightly wounded.
The two-headed ogre seems less confused.
The two-headed ogre hits you with a +0 giant club!!
The two-headed ogre hits you with a +0 giant club!
* * * LOW HITPOINT WARNING * * *
Casting: Mephitic Cloud (mildly dangerous; 10% risk of failure)
Confirm with . or Enter, or press ? or * to list all spells.
Aiming: Vampiric Draining (mildly dangerous; 7% risk of failure)
Press: ? - help, Shift-Dir - straight line, f/p - two-headed ogre
Aim: a two-headed ogre, wielding two +0 giant clubs (lightly wounded)
The two-headed ogre is moderately wounded.
You feel life coursing into your body. The two-headed ogre barely misses you.
The two-headed ogre hits you with a +0 giant club!!
You die...
Kikubaaqudgha rasps: "You have failed me!
Welcome... oblivion!"

##....###.......
..###.##....... #.......
...#...........##.##....
........##.....##..##### #
#.>.....#......##.[.....
..###......................
................##.......#.
.......##.O...>.##.......##
.......#..@..............##
...........)...............
.......<(................##
.......†.................##
.........................##
...........................
.##........................
............#.#.......###.
.............###......###..


You could see a two-headed ogre.

Vanquished Creatures
  An elephant (D:7)
  A troll (D:9)
  2 orc warriors (D:8)
  A sky beast (D:9)
  A necrophage (D:8)
  4 ogres
  4 centaurs
  A crocodile (D:8)
  3 bullfrogs
  2 scorpions
  3 killer bees (D:7)
  2 crimson imps
  A centaur zombie (D:8)
  A human zombie (Ossuary)
  3 hounds
  5 jellies
  7 orc priests
  4 orc wizards
  A centaur skeleton (D:8)
  Jessica (D:2)
  An iguana (D:6)
  5 worker ants
  2 big kobold zombies (Ossuary)
  A hound skeleton (D:7)
  A mummy (Ossuary)
  7 river rats (D:4)
  10 adders
  3 gnolls (D:2)
  3 shadow imps
  2 oozes
  An adder skeleton (D:6)
  A worm (D:4)
  4 leopard geckos
  46 orcs
  2 ball pythons
  5 bats
  6 giant cockroaches (D:1)
  2 gnoll zombies (Ossuary)
  9 goblins
  10 hobgoblins
  9 jackals
  A quokka (D:9)
  5 frilled lizards
  A goblin zombie (Ossuary)
  3 hobgoblin zombies (Ossuary)
  A jackal skeleton (D:5)
  10 kobolds
  An orc zombie (Ossuary)
  22 rats
222 creatures vanquished.

Vanquished Creatures (collateral kills)
  A basilisk (D:8)
  A hornet zombie (D:9)
  A necrophage (D:7)
  A sky beast (D:5)
  A centaur (D:6)
  2 killer bees (D:7)
  A hound (D:5)
  An orc priest (D:8)
  A bullfrog skeleton (D:8)
  3 orc wizards
  A worker ant (D:6)
  A mummy (Ossuary)
  6 gnolls
  An adder zombie (D:7)
  6 orcs
  A bat (D:1)
  2 jackals (D:1)
  A goblin zombie (Ossuary)
  A kobold (D:1)
  3 orc zombies (Ossuary)
  A quokka zombie (D:5)
  A rat (D:3)
38 creatures vanquished.

Grand Total: 260 creatures vanquished

Notes
Turn   | Place    | Note
-------+----------+-------------------------------------------
     0 | D:1      | BlueFish the Mummy Wizard began the quest for the Orb.
     0 | D:1      | Reached XP level 1. HP: 13/13 MP: 5/5
   222 | D:1      | Reached XP level 2. HP: 17/20 MP: 1/7
   226 | D:1      | Learned a level 2 spell: Blink
   229 | D:1      | Learned a level 2 spell: Call Imp
   232 | D:1      | Learned a level 2 spell: Slow
   694 | D:1      | Reached XP level 3. HP: 15/25 MP: 0/9
   699 | D:1      | Learned a level 3 spell: Mephitic Cloud
   905 | D:1      | Reached skill level 1 in Conjurations
  1510 | D:2      | Reached skill level 1 in Fighting
  1589 | D:2      | Reached skill level 5 in Spellcasting
  1589 | D:2      | Reached XP level 4. HP: 32/32 MP: 4/11
  1717 | D:2      | Noticed Jessica
  1737 | D:2      | Killed Jessica
  2058 | D:2      | Reached skill level 1 in Summonings
  2274 | D:2      | Reached XP level 5. HP: 31/37 MP: 10/13
  3180 | D:3      | Reached XP level 6. HP: 42/43 MP: 8/14
  3612 | D:4      | Reached skill level 6 in Spellcasting
  3945 | D:4      | Reached skill level 1 in Maces & Flails
  4150 | D:4      | Found a white marble altar of Elyvilon.
  4378 | D:4      | Reached XP level 7. HP: 31/50 MP: 4/16
  4893 | D:5      | Entered Level 5 of the Dungeon
  5053 | D:5      | Reached skill level 7 in Spellcasting
  5314 | D:5      | Found a sand-covered staircase.
  5332 | Ossuary  | Entered an ossuary
  5616 | Ossuary  | Reached XP level 8. HP: 48/58 MP: 10/18
  6583 | D:6      | Reached skill level 1 in Poison Magic
  6752 | D:6      | You fall into a shaft and drop 2 floors!
  6752 | D:8      | Found a staircase to the Lair.
  6752 | D:8      | Noticed an elephant
  6756 | D:8      | Noticed a death yak
  6765 | D:7      | Found a staircase to the Ecumenical Temple.
  6768 | D:7      | Found the ring of the Octopus King
  6774 | Temple   | Entered the Ecumenical Temple
  6912 | Temple   | Became a worshipper of Kikubaaqudgha
  7031 | D:7      | Reached skill level 1 in Air Magic
  7031 | D:7      | Reached skill level 1 in Evocations
  7120 | D:7      | Reached skill level 8 in Spellcasting
  7139 | D:7      | Got a ring of the Octopus King
  7140 | D:7      | Identified a ring of the Octopus King {rC+ AC+1 EV+1 Str+1
                  | Int+1 Dex+1} (You found it on level 7 of the Dungeon)
  7657 | D:6      | Reached * piety under Kikubaaqudgha
  7657 | D:6      | Identified Kikubaaqudgha's Disquisition on Dark Arts
                  | (Kikubaaqudgha gifted it to you on level 6 of the Dungeon)
  7657 | D:6      | Received a gift from Kikubaaqudgha
  7661 | D:6      | Learned a level 1 spell: Pain
  7665 | D:6      | Learned a level 3 spell: Vampiric Draining
  7668 | D:6      | Learned a level 2 spell: Corpse Rot
  7738 | D:6      | Reached XP level 9. HP: 54/66 MP: 15/21
  9024 | D:8      | HP: 2/66 [death yak (28)]
  9512 | D:7      | Killed an elephant
  9820 | D:8      | Reached skill level 9 in Spellcasting
  9840 | D:8      | Found Umpeivap's Antique Weapon Emporium.
  9912 | D:8      | Reached skill level 1 in Necromancy
 10491 | D:9      | Reached skill level 5 in Stealth
 10682 | D:9      | Noticed a troll
 10707 | D:9      | Killed a troll
 10800 | D:9      | Noticed a two-headed ogre
 10996 | D:9      | Reached ** piety under Kikubaaqudgha
 11012 | D:8      | Reached skill level 5 in Fighting
 11103 | D:9      | Slain by a two-headed ogre

Levels and vault maps discovered:
D:1:      dpeg_arrival_simpleton_c, layout_basic, minmay_close_crescents
D:2:      layout_loops_ring, first_ration, uniq_jessica
D:3:      layout_basic
D:4:      minmay_general_purpose_star, layout_basic, elyvilon_altar_3,
          grunt_decor_arrowhead, dk_rats_in_the_wall
D:5:      layout_loops_cross, nicolae_ossuary_entry_ruins, patterned_corridor
D:6:      layout_cave_pools, kennysheep_generic_room_16
D:7:      layout_layer_cave, minmay_temple_entry_stoned_glass
D:8:      layout_cave_pools, david_lair_generic, serial_shops, shop
D:9:      kennysheep_seaside_town, layout_cave_pools
Temple:   kilobyte_greek_temple

Skill      XL: |  1  2  3  4  5  6  7  8  9 |
---------------+----------------------------+-----
Conjurations   | 1 2 |  2.6
Fighting       | 1 2 3 4 5 |  5.1
Stealth        | 2 3 4 5 |  5.0
Dodging        | 2 3 4 |  4.8
Spellcasting   | 5 6 7 8 9 |  9.6
Summonings     | 1 2 |  2.0
Maces & Flails | 1 2 3 |  3.3
Poison Magic   | 1 |  1.2
Air Magic      | 1 |  1.3
Evocations     | 1 2 |  2.6
Necromancy     | 2 |  2.6
Unarmed Combat | |  0.1
Translocations | |  0.7

Action                   |  1- 3 |  4- 6 |  7- 9 || total
-------------------------+-------+-------+-------++-------
Melee: Unarmed           |     4 |       |       ||     4
       Whip              |    36 |   292 |   685 ||  1013
       Punch             |       |     1 |       ||     1
 Cast: Magic Dart        |    97 |   137 |   114 ||   348
       Call Imp          |     2 |    16 |    35 ||    53
       Mephitic Cloud    |       |     3 |    50 ||    53
       Pain              |       |       |    74 ||    74
       Blink             |       |       |     4 ||     4
       Vampiric Draining |       |       |    30 ||    30
  Use: Scroll            |     2 |     3 |     5 ||    10
 Stab: Sleeping          |       |     2 |     1 ||     3
       Confused          |       |     1 |    29 ||    30
       Distracted        |       |       |     4 ||     4
Armor: Robe              |    21 |    81 |   148 ||   250
Dodge: Dodged            |    49 |   165 |   547 ||   761

Table legend:
 A = Non-vault XP
 B = Vault XP
 C = Vault XP percentage of total XP
 D = Non-vault monster count
 E = Vault monster count
 F = Vault count percentage of total count
                 A         B        C        D         E       F
            +---------+---------+-------+---------+---------+-------
      Total |    4387 |    1113 |  20.2 |     210 |      50 |  19.2
            +---------+---------+-------+---------+---------+-------
        D:1 |      54 |      14 |  20.6 |      33 |       5 |  13.2
        D:2 |     107 |      31 |  22.5 |      25 |       1 |   3.8
        D:3 |     205 |       0 |   0.0 |      27 |       0 |   0.0
        D:4 |     332 |     135 |  28.9 |      24 |      23 |  48.9
        D:5 |     710 |       0 |   0.0 |      21 |       0 |   0.0
        D:6 |     541 |     135 |  20.0 |      17 |       2 |  10.5
        D:7 |     753 |     456 |  37.7 |      25 |       1 |   3.8
        D:8 |     772 |     208 |  21.2 |      20 |       2 |   9.1
        D:9 |     865 |       0 |   0.0 |      15 |       0 |   0.0
     Temple |      48 |       0 |   0.0 |       3 |       0 |   0.0
    Ossuary |       0 |     134 | 100.0 |       0 |      16 | 100.0
            +---------+---------+-------+---------+---------+-------
